 Dungeon Crawl Stone Soup version 0.28.0-53-g5a82cb258f (webtiles) character file.

Game seed: 11057861808445749032

528336 quokkamancerX the Wrestler (level 25, -7/257 HPs)
             Began as a Ghoul Fighter on July 10, 2022.
             Was a High Priest of Ashenzari.
             Mangled by a shadow dragon (9 damage)
             ... on level 1 of the Realm of Zot on July 11, 2022.
             The game lasted 04:23:12 (58990 turns).

quokkamancerX the Wrestler (Ghoul Fighter)         Turns: 58990, Time: 04:23:12

Health: -7/257     AC: 49    Str: 38    XL:     25   Next: 54%
Magic:  9/22       EV: 12    Int: 11    God:    Ashenzari [*****.]
Gold:   4855       SH: 18    Dex: 13    Spells: 25/25 levels left

rFire   + . .      SeeInvis +     - Unarmed
rCold   + + .      Faith    .   N - +3 kite shield of Curses and Power {rElec rN+ Int+3 Dex+7, Melee, Fort} (curse)
rNeg    + + +      Spirit   .   y - +9 scales of the Dragon King {rPois rF+ rC+ Will+, Evo, Elem} (curse)
rPois   ∞          Reflect  .   a - +4 helmet "Share My Augurer" {Regen+ Int+5 Dex-2 Slay+5, Self, Melee} (curse)
rElec   +          Harm     .   A - +2 cloak of the Gnostic Anarchy {Self, Comp} (curse)
rCorr   .          Rampage  .   C - +2 pair of gloves of Ashenzari's Seeker {infuse, Fort, Comp} (curse)
Will    +++..      Clarity  +   d - +2 pair of boots of the Shattered Inaction {Fort, Bglg} (curse)
Stlth   ..........              u - amulet "Repose of Ashenzari" {Regen+, Comp, Fort} (curse)
HPRegen 0.00/turn               J - ring "Pangnostic Cynicism" {rElec Str+6 Slay+2, Range, Fort} (curse)
MPRegen 0.18/turn               w - ring of the Wild Blue Yonder {Will+, Cun, Self} (curse)

@: about to teleport, inhibited regen, constricted
A: claws 1, cold resistance 1, negative energy resistance 3, inhibited
regeneration, torment resistance 2
}: 3/15 runes: decaying, serpentine, silver
a: Renounce Religion, Curse Item, Shatter the Chains


You were on level 1 of the Realm of Zot.
You worshipped Ashenzari.
Ashenzari was extremely pleased with you.
You visited 8 branches of the dungeon, and saw 41 of its levels.
You visited the Abyss 1 time.
You also visited: Gauntlet, Ice Cave, Volcano and Desolation.

You collected 8760 gold pieces.
You spent 3905 gold pieces at shops.

Inventory:

Missiles
 g - 43 poisoned darts (quivered)
 o - 3 silver boomerangs
 q - 30 boomerangs
 r - 3 throwing nets
 H - 7 curare-tipped darts
 L - 12 javelins
 T - 9 silver javelins
Armour
 a - the cursed +4 helmet "Share My Augurer" (worn) {Regen+ Int+5 Dex-2 Slay+5, Self, Melee}
   (You acquired it on level 7 of the Dungeon)

   Int:       It affects your intelligence (+5).
   Dex:       It affects your dexterity (-2).
   Slay:      It affects your accuracy & damage with ranged weapons and melee
   (+5).
   Regen:     It increases your rate of health regeneration.
   It has a curse which improves the following skills: Introspection: Fighting
   and Spellcasting.
   Melee Combat: Short Blades, Long Blades, Axes, Maces & Flails, Polearms,
   Staves and Unarmed Combat.
 d - the cursed +2 pair of boots of the Shattered Inaction (worn) {Fort, Bglg}
   (You found it on level 3 of the Swamp)

   It has a curse which improves the following skills: Fortitude: Armour and
   Shields.
   Beguiling: Conjurations, Hexes and Translocations.
 y - the cursed +9 scales of the Dragon King (worn) {rPois rF+ rC+ Will+, Evo, Elem}
   (You found it on level 3 of the Depths)

   rF:        It protects you from fire.
   rC:        It protects you from cold.
   rPois:     It protects you from poison.
   Will:      It increases your willpower.
   It has a curse which improves the following skills: Evocations: Evocations.
   Elements:  Fire Magic, Ice Magic, Air Magic and Earth Magic.
 A - the cursed +2 cloak of the Gnostic Anarchy (worn) {Self, Comp}
   (You found it on level 11 of the Dungeon)

   It has a curse which improves the following skills: Introspection: Fighting
   and Spellcasting.
   Companions: Summonings and Necromancy.
 C - the cursed +2 pair of gloves of Ashenzari's Seeker (worn) {infuse, Fort, Comp}
   (You bought it in a shop on level 13 of the Dungeon)

   It has a curse which improves the following skills: Fortitude: Armour and
   Shields.
   Companions: Summonings and Necromancy.
 N - the cursed +3 kite shield of Curses and Power (worn) {rElec rN+ Int+3 Dex+7, Melee, Fort}
   (You took it off a minotaur in a Gauntlet)

   Int:       It affects your intelligence (+3).
   Dex:       It affects your dexterity (+7).
   rElec:     It insulates you from electricity.
   rN:        It protects you from negative energy.
   It has a curse which improves the following skills: Melee Combat: Short
   Blades, Long Blades, Axes, Maces & Flails, Polearms, Staves and Unarmed
   Combat.
   Fortitude: Armour and Shields.
Jewellery
 t - a ring of protection from fire
 u - the cursed amulet "Repose of Ashenzari" (around neck) {Regen+, Comp, Fort}
   (You bought it in a shop on level 2 of the Orcish Mines)

   [amulet of regeneration]

   Regen:     It increases your rate of health regeneration.
   It has a curse which improves the following skills: Companions: Summonings
   and Necromancy.
   Fortitude: Armour and Shields.
 w - the cursed ring of the Wild Blue Yonder (right hand) {Will+, Cun, Self}
   (You took it off a kobold demonologist on level 13 of the Dungeon)

   [ring of willpower]

   Will:      It increases your willpower.
   It has a curse which improves the following skills: Cunning: Dodging and
   Stealth.
   Introspection: Fighting and Spellcasting.
 D - a ring of resist corrosion
 J - the cursed ring "Pangnostic Cynicism" (left hand) {rElec Str+6 Slay+2, Range, Fort}
   (You found it in a Gauntlet)

   [ring of strength]

   Str:       It affects your strength (+6).
   Slay:      It affects your accuracy & damage with ranged weapons and melee
   (+2).
   rElec:     It insulates you from electricity.
   It has a curse which improves the following skills: Ranged Combat: Slings,
   Bows, Crossbows and Throwing.
   Fortitude: Armour and Shields.
 Q - a ring of flight
Wands
 b - a wand of mindburst (21)
 j - a wand of paralysis (22)
 l - a wand of acid (30)
 p - a wand of flame (82)
 E - a wand of polymorph (39)
 K - a wand of digging (5)
 X - a wand of iceblast (9)
 Y - a wand of charming (7)
Scrolls
 e - 4 scrolls of blinking
 i - 3 scrolls of torment
 k - 5 scrolls of fear
 n - 3 scrolls of magic mapping
 s - 5 scrolls of vulnerability
 v - 16 scrolls of teleportation
 x - 7 scrolls of immolation
 G - 5 scrolls of fog
 U - 5 scrolls of silence
 W - a scroll of enchant armour
Potions
 c - 4 potions of might
 f - 9 potions of curing
 h - a potion of cancellation
 m - a potion of heal wounds
 z - 2 potions of attraction
 B - 6 potions of haste
 F - a potion of resistance
 P - a potion of invisibility
 V - 2 potions of ambrosia
Miscellaneous
 R - a box of beasts


   Skills:
 - Level 24.5(27) Fighting
 - Level 13.7(16.0) Throwing
 - Level 13.6(20.0) Armour
 + Level 17.2(19.4) Dodging
 - Level 13.6(20.0) Shields
 - Level 25.4(27) Unarmed Combat
 + Level 12.1(14.4) Evocations


You had 25 spell levels left.
You didn't know any spells.
Your spell library contained the following spells:

 Spells                   Type           Power      Damage    Failure   Level
 Animate Skeleton         Necr           2%         N/A       93%         1
 Pain                     Necr           4%         1d4       93%         1
 Apportation              Tloc           0%         N/A       95%         1
 Freeze                   Ice            0%         1d3       95%         1
 Magic Dart               Conj           4%         1d3       95%         1
 Sandblast                Erth           0%         2d4       95%         1
 Shock                    Conj/Air       4%         1d3       95%         1
 Sting                    Tmut/Pois      0%         1d3       97%         1
 Call Imp                 Summ           1%         N/A       98%         2
 Corpse Rot               Necr/Air       2%         N/A       98%         2
 Blink                    Tloc           0%         N/A       99%         2
 Ensorcelled Hibernation  Hex/Ice        0%         N/A       99%         2
 Passwall                 Tmut/Erth      0%         N/A       99%         2
 Poisonous Vapours        Pois/Air       0%         N/A       99%         2
 Scorch                   Fire           2%         2d5       99%         2
 Confusing Touch          Hex            1%         N/A       100%        3
 Conjure Flame            Conj/Fire      1%         6-21      100%        3
 Ignite Poison            Fire/Tmut/Pois 0%         N/A       100%        3
 Mephitic Cloud           Conj/Pois/Air  0%         N/A       100%        3
 Ozocubu's Armour         Ice            0%         N/A       100%        3
 Portal Projectile        Hex/Tloc       0%         N/A       100%        3
 Stone Arrow              Conj/Erth      0%         3d7       100%        3
 Swiftness                Air            1%         N/A       100%        3
 Vampiric Draining        Necr           1%         2d6       100%        3
 Airstrike                Air            0%         N/A       100%        4
 Anguish                  Hex/Necr       0%         N/A       100%        4
 Dispel Undead            Necr           1%         3d6       100%        4
 Flame Wave               Conj/Fire      1%         2d4       100%        4
 Hailstorm                Conj/Ice       0%         3d3       100%        4
 Leda's Liquefaction      Hex/Erth       0%         N/A       100%        4
 Olgreb's Toxic Radiance  Pois           0%         N/A       100%        4
 Passage of Golubria      Tloc           0%         N/A       100%        4
 Petrify                  Tmut/Erth      0%         N/A       100%        4
 Sticky Flame             Conj/Fire      1%         2d3       100%        4
 Summon Ice Beast         Ice/Summ       1%         N/A       100%        4
 Alistair's Intoxication  Tmut/Pois      0%         N/A       100%        5
 Borgnjor's Vile Clutch   Necr/Erth      0%         N/A       100%        5
 Excruciating Wounds      Necr           0%         N/A       100%        5
 Freezing Cloud           Conj/Ice/Air   0%         6-21      100%        5
 Iskenderun's Battlesphe  Conj           1%         2d6       100%        5
 Lee's Rapid Deconstruct  Erth           0%         3d5*      100%        5
 Manifold Assault         Tloc           0%         N/A       100%        5
 Metabolic Englaciation   Hex/Ice        0%         N/A       100%        5
 Silence                  Hex/Air        0%         N/A       100%        5
 Summon Forest            Summ/Tloc      0%         N/A       100%        5
 Summon Mana Viper        Hex/Summ       1%         N/A       100%        5
 Yara's Violent Unravell  Hex/Tmut       0%         3d3       100%        5
 Death Channel            Necr           0%         N/A       100%        6
 Dispersal                Tloc           0%         N/A       100%        6
 Eringya's Noxious Bog    Tmut/Pois      0%         N/A       100%        6
 Iron Shot                Conj/Erth      0%         9d1       100%        6
 Simulacrum               Ice/Necr       0%         N/A       100%        6
 Enfeeble                 Hex            0%         N/A       100%        7
 Ozocubu's Refrigeration  Ice            0%         4d5       100%        7
 Spellforged Servitor     Conj/Summ      0%         N/A       100%        7
 Summon Hydra             Summ           0%         N/A       100%        7
 Disjunction              Tloc           0%         N/A       100%        8
 Ignition                 Fire           0%         3d3       100%        8
 Lehudib's Crystal Spear  Conj/Erth      0%         10d2      100%        8
 Fire Storm               Conj/Fire      0%         6d1       100%        9
 Polar Vortex             Ice            0%         N/A       100%        9
 Sublimation of Blood     Necr           Unusable   N/A       N/A         2
 Wereblood                Tmut           Unusable   N/A       N/A         2
 Spider Form              Tmut/Pois      Unusable   N/A       N/A         3
 Ice Form                 Ice/Tmut       Unusable   N/A       N/A         4
 Blade Hands              Tmut           Unusable   N/A       N/A         5
 Statue Form              Tmut/Erth      Unusable   N/A       N/A         6
 Storm Form               Tmut/Air       Unusable   N/A       N/A         7

Dungeon Overview and Level Annotations

Branches:
Dungeon (15/15)            Temple (0/1) D:6            Lair (6/6) D:11
  Swamp (4/4) Lair:4        Snake (4/4) Lair:2        Slime (0/5) Lair:5
    Orc (2/2) D:9             Elf (0/3) Orc:2        Vaults (5/5) D:14
  Crypt (0/3) Vaults:2     Depths (4/4) D:15            Zot (1/5) Depths:4
  IceCv (visited)         Volcano (visited)         Desolation (visited)
Gauntlet (visited)

Altars:
Ashenzari
Dithmenos
Kikubaaqudgha
Ru
Vehumet
Yredelemnul
Zin
Beogh
Jiyva

Shops:
D:13 *[!   D:15 *[?:   Orc:1 *(   Orc:2 *(*[   Snake:3 (   Vaults:2 ?
Vaults:3 ?   Vaults:4 [   Depths:1 =

Portals:
Hell: Depths:1 Depths:2 Depths:3 Depths:4
Abyss: Depths:2 Depths:3
Pandemonium: Depths:2
Ziggurat: Depths:1

Annotations:
Lair:5 exclusion: 2 oklob plants


Innate Abilities, Weirdness & Mutations

You thrive by killing the living.
You are immune to poison.
You have sharp fingernails.
Your flesh is cold resistant. (rC+)
You are immune to negative energy. (rN+++)
You do not regenerate when monsters are visible.
You are immune to unholy pain and torment.


Message History

You block the yellow draconian's attack.
The purple draconian shifter mumbles some strange words.
The purple draconian shifter blinks!
The tentacled monstrosity tentacle-slaps you but does no damage. x2
You block the tentacled monstrosity's attack.
The tentacled monstrosity constricts you.
* * * LOW HITPOINT WARNING * * *
The shadow dragon misses you.
The shadow dragon claws you but does no damage.
The shadow dragon claws you.
* * * LOW HITPOINT WARNING * * *
You pummel the yellow draconian!!
The yellow draconian is severely wounded.
The yellow draconian hits you but does no damage.
You barely miss the yellow draconian.
The yellow draconian is severely wounded.
The yellow draconian hits you but does no damage.
The tentacled monstrosity tentacle-slaps you but does no damage.
The tentacled monstrosity tentacle-slaps you!
* * * LOW HITPOINT WARNING * * *
You block the tentacled monstrosity's attack.
The tentacled monstrosity constricts you!
* * * LOW HITPOINT WARNING * * *
You block the shadow dragon's attack.
The shadow dragon claws you but does no damage.
The shadow dragon claws you.
* * * LOW HITPOINT WARNING * * *
You pummel the yellow draconian!!
The yellow draconian is severely wounded.
You block the yellow draconian's attack.
You punch the yellow draconian!
The yellow draconian is almost dead.
The yellow draconian annihilator spits acid at you.
The glob of acid hits you!
* * * LOW HITPOINT WARNING * * *
You block the tentacled monstrosity's attack. x3
The tentacled monstrosity constricts you.
The shadow dragon bites you but does no damage.
The shadow dragon closely misses you. The shadow dragon claws you!
You die...

*,,,* *,,,,,,,,,* ****
**,,,***,.....#***
,,,,,*.....#...##
,,,,**..........##
,,,,**...........##
,,,,*##...........###
***,*#..>..........## ***
***,,,.........Dd...### *,,
,,,,,,,#.......)@÷....# ****,,
,,,,,,,#....#..)†X#...#* *,,,,,
***,,,,#....##.........#* **,,,,,
* *,,,,#....[.#.........#**,,,,,*
* *,,>,#...d).##.........**,,,,**
* *,***#...q..###.....#..,*,,,**
* *,* *#...#######.....#.,,,,,,*
***,* #....##### *#.....*,,,,,,**
,**,**#....####****#...,,,,,,,,*,


You could see a shadow dragon, a tentacled monstrosity, a yellow draconian
(berserk), a white draconian (fleeing) and a yellow draconian annihilator.

Vanquished Creatures
  Mara (Snake:4)
  A juggernaut (Depths:3)
  Saint Roka (Vaults:1)
  2 caustic shrikes (Depths:3)
  Jory (Vaults:5)
  2 golden dragons
  A bone dragon (Depths:4)
  10 tentacled monstrosities
  A walking earthen tome (Depths:4)
  2 liches
  A walking crystal tome (Depths:2)
  8 titans
  Asterion (Vaults:2)
  3 quicksilver dragons
  12 sphinxes
  Frances (Swamp:1)
  2 tengu reavers (Vaults:4)
  5 storm dragons
  A thorn hunter (Swamp:4)
  A death cob (Zot:1)
  4 shadow dragons
  A revenant (Vaults:2)
  4 nagarajas
  A fenstrider witch (Swamp:3)
  10 fire giants
  5 frost giants
  5 deep elf sorcerers
  2 imperial myrmidons (Desolation)
  A caustic shrike zombie (Depths:3)
  3 iron dragons
  Aizul (D:14)
  An orc warlord (Vaults:4)
  5 spectral caustic shrikes (Depths:1)
  24 vault wardens
  23 very ugly things
  2 draconian annihilators (Depths:4)
  A quicksilver ooze (shapeshifter) (Vaults:5)
  A quicksilver ooze (Gauntlet)
  4 war gargoyles
  A draconian stormcaller (Zot:1)
  6 ironbound thunderhulks
  24 ironbound preservers
  A spriggan defender (Depths:2)
  33 stone giants
  3 deep elf annihilators (Vaults:5)
  3 vampire knights
  2 green draconians
  A deep elf demonologist (Vaults:5)
  Nessos (D:14)
  2 entropy weavers (Vaults:2)
  A minotaur (Gauntlet)
  A black draconian (Depths:4)
  3 eleionomae
  3 purple draconians
  A spark wasp (Depths:3)
  3 yellow draconians (Depths:4)
  5 bunyips
  13 dire elephants
  3 halazid warlocks (Desolation)
  2 deep elf death magi
  Snorg (D:12)
  22 ettins
  The ghost of Fasaid the Thaumaturge, a journeyman GnWr of Yredelemnul (D:13)
  3 crystal guardians
  3 deep elf high priests
  A quicksilver dragon zombie (D:15)
  22 yaktaur captains
  11 great orbs of eyes
  Josephine (Orc:1)
  3 jiangshi (Depths:4)
  10 fire dragons
  3 salamander tyrants
  5 boulder beetles
  6 ragged hierophants (Desolation)
  16 naga warriors
  8 ice dragons
  The ghost of turdburglar the Nimble, a journeyman GnMo of Okawaru (D:11)
  6 rakshasas
  2 servants of whispers (Desolation)
  41 vault guards
  10 peacekeepers
  A hell beast (Gauntlet)
  9 spriggan air magi
  A ghost crab (Swamp:4)
  9 ogre magi
  15 ironbound frosthearts
  19 anacondas
  37 hydras
  17 two-headed ogres
  10 centaur warriors
  8 alligators
  3 catoblepae
  12 deep troll shamans
  2 orc high priests
  8 vampire magi
  10 spriggans
  15 deep troll earth magi
  10 tengu warriors
  9 shock serpents
  6 spriggan berserkers
  7 naga sharpshooters
  3 sun demons (Volcano)
  A shock serpent (shapeshifter) (Depths:1)
  Sonja (Orc:2)
  A hell knight (Depths:4)
  A shadow wraith (Vaults:1)
  3 goliath frogs
  2 death drakes (Depths:3)
  A storm dragon zombie (Depths:3)
  6 salamander mystics
  4 skeletal warriors
  A glowing orange brain (shapeshifter) (Vaults:5)
  13 iron trolls
  2 sea snakes (Snake:1)
  A deep troll (shapeshifter) (Vaults:5)
  68 deep trolls
  13 swamp dragons
  3 flayed ghosts
  A bog body (Swamp:2)
  5 spriggan druids
  15 lindwurms
  A tengu zombie (D:15)
  A spriggan simulacrum (Depths:3)
  7 naga ritualists
  15 wizards
  27 ironbound convokers
  6 necromancers
  4 glowing orange brains
  5 phantasmal warriors
  48 ugly things
  2 oklob plants (D:11)
  A wolf spider (shapeshifter) (Vaults:5)
  4 manticores
  3 orc sorcerers
  5 orc knights
  21 mana vipers
  15 salamanders
  4 will-o-the-wisps
  3 cyclopes
  2 stone giant skeletons
  2 moths of wrath (Zot:1)
  5 elephants (Lair:4)
  2 elf zombies (Vaults:1)
  3 ice statues (IceCv)
  9 guardian serpents
  43 black mambas
  19 vault sentinels
  25 naga magi
  21 cane toads
  An unseen horror (D:10)
  3 smoke demons (Volcano)
  A gargoyle (D:12)
  A storm dragon simulacrum (Depths:3)
  2 rime drakes (Lair:6)
  A komodo dragon (shapeshifter) (Vaults:5)
  6 komodo dragons
  6 kobold demonologists
  33 yaktaurs
  An anaconda simulacrum (IceCv)
  A redback zombie (Vaults:1)
  3 tengu conjurers
  A yaktaur (shapeshifter) (Vaults:5)
  3 freezing wraiths
  A guardian mummy (D:15)
  A bloated husk (Swamp:2)
  An entropy weaver simulacrum (IceCv)
  2 trolls
  10 tyrant leeches
  A polar bear (Lair:4)
  19 blink frogs
  Grinder (D:3)
  A tarantella (Vaults:2)
  A blink frog (shapeshifter) (Vaults:2)
  40 saltlings (Desolation)
  10 hornets
  24 slime creatures
  A slime creature (shapeshifter) (Vaults:5)
  A dream sheep (shapeshifter) (D:9)
  4 dream sheep (Lair:5)
  A human simulacrum (Vaults:4)
  6 water elementals
  A culicivora (Vaults:2)
  A dire elephant simulacrum (IceCv)
  9 wraiths
  A shadow (D:10)
  2 vampires
  3 ettin skeletons
  A wyvern (D:11)
  42 yaks
  7 basilisks
  16 humans (D:13)
  5 steam dragons
  Grum (D:9)
  8 vampire mosquitoes
  2 wargs (Vaults:1)
  47 nagas
  8 swamp worms
  A death yak simulacrum (IceCv)
  4 acid dragons
  11 water moccasins
  A floating eye (shapeshifter) (Vaults:5)
  2 floating eyes
  An ogre zombie (Vaults:1)
  A hell hound (Volcano)
  3 black bears
  8 swamp drakes
  A hornet zombie (D:6)
  18 orc warriors
  A human zombie (Vaults:4)
  An ice beast (D:8)
  3 sky beasts
  An elf simulacrum (Vaults:4)
  29 ogres
  25 wolves
  12 centaurs
  2 gnoll sergeants
  4 kobold brigands
  29 bullfrogs
  8 killer bees
  4 wights (D:6)
  11 howler monkeys
  4 electric eels
  3 centaur zombies
  3 hounds
  2 gnoll shamans
  20 orc priests
  Ijyb (D:5)
  6 hell rats (Lair:2)
  4 iguanas
  18 orc wizards
  4 polar bear simulacra
  A killer bee zombie (D:6)
  2 wolf simulacra (IceCv)
  A hound skeleton (D:5)
  17 gnolls
  3 adders (D:2)
  2 howler monkey skeletons (D:7)
  A shadow imp (D:6)
  2 adder skeletons (D:2)
  3 worms
  A dart slug (D:2)
  75 orcs
  2 bat skeletons (D:2)
  A bat zombie (D:2)
  5 endoplasms
  7 giant cockroaches
  5 goblins
  5 hobgoblins
  4 jackals (D:1)
  19 kobolds
  2 quokkas
  6 ball pythons
  A ball python skeleton (D:2)
  4 bats
  6 frilled lizards
  A rat (D:1)
  A briar patch (Swamp:4)
1864 creatures vanquished.

Vanquished Creatures (collateral kills)
  A thorn hunter (Swamp:3)
  Louise (Swamp:3)
  A hydra (Swamp:3)
  A salamander (Snake:4)
  A naga mage (Snake:2)
  A naga (Snake:2)
  A briar patch (Swamp:3)
7 creatures vanquished.

Vanquished Creatures (others)
  A fire giant (Depths:1)
  2 saltlings (Desolation)
  A naga (Snake:4)
  A swamp drake (Swamp:4)
  13 foxfires
  48 fungi
  170 plants
  3 withered plants (D:15)
239 creatures vanquished.

Grand Total: 2110 creatures vanquished

Notes
Turn   | Place    | Note
-------+----------+-------------------------------------------
     0 | D:1      | quokkamancerX the Ghoul Fighter began the quest for the
                  | Orb.
     0 | D:1      | Reached XP level 1. HP: 19/19 MP: 0/0
     1 | D:1      | Noticed a demonspawn zombie
    10 | D:1      | Noticed a demonspawn zombie
    14 | D:1      | Noticed a demonspawn zombie
    18 | D:1      | Noticed a demonspawn zombie
   238 | D:1      | Reached skill level 3 in Unarmed Combat
   238 | D:1      | Reached XP level 2. HP: 26/26 MP: 1/1
   351 | D:1      | Found a faded altar of an unknown god.
   618 | D:1      | Reached XP level 3. HP: 31/31 MP: 2/2
   807 | D:1      | Reached skill level 4 in Unarmed Combat
  1183 | D:2      | You fall into a shaft and drop 1 floor!
  1183 | D:3      | Noticed Grinder
  1204 | D:2      | Reached XP level 4. HP: 29/38 MP: 3/3
  1459 | D:2      | Reached skill level 5 in Unarmed Combat
  2071 | D:2      | Reached XP level 5. HP: 36/45 MP: 4/4
  2217 | D:3      | Paralysed by Grinder for 6 turns
  2226 | D:3      | Paralysed by Grinder for 7 turns
  2257 | D:3      | Killed Grinder
  2258 | D:3      | Reached skill level 7 in Unarmed Combat
  2258 | D:3      | Reached XP level 6. HP: 22/51 MP: 5/5
  2667 | D:3      | Found a shadowy altar of Dithmenos.
  2953 | D:4      | Reached skill level 8 in Unarmed Combat
  2953 | D:4      | Reached XP level 7. HP: 51/57 MP: 6/6
  3443 | D:5      | Entered Level 5 of the Dungeon
  3558 | D:5      | Reached skill level 9 in Unarmed Combat
  3886 | D:5      | Found a sacrificial altar of Ru.
  3895 | D:5      | Identified the +0 robe of the Bull {*Corrode +Inv Regen+
                  | Int+3}
  3930 | D:5      | Reached skill level 10 in Unarmed Combat
  3930 | D:5      | Reached XP level 8. HP: 49/66 MP: 7/7
  4329 | D:5      | Reached skill level 5 in Fighting
  4434 | D:5      | Found a broken altar of Ashenzari.
  4449 | D:5      | Became a worshipper of Ashenzari the Shackled
  4594 | D:5      | Noticed Ijyb
  4605 | D:5      | Killed Ijyb
  5247 | D:6      | Reached XP level 9. HP: 80/81 MP: 8/8
  5449 | D:6      | Found a staircase to the Ecumenical Temple.
  6233 | D:7      | Found a basalt altar of Yredelemnul.
  6986 | D:8      | Reached skill level 11 in Unarmed Combat
  7024 | D:7      | Reached * piety under Ashenzari
  7024 | D:7      | Identified a scroll of acquirement
  7028 | D:7      | Acquired the +4 helmet of Depression {Regen+ Int+5 Dex-2
                  | Slay+5}
  7499 | D:8      | Reached skill level 12 in Unarmed Combat
  7868 | D:9      | Noticed a two-headed ogre
  7881 | D:9      | Killed a two-headed ogre
  7882 | D:9      | Reached skill level 10 in Fighting
  7882 | D:9      | Reached XP level 10. HP: 95/97 MP: 9/9
  8031 | D:9      | Noticed a shock serpent
  8041 | D:9      | a shock serpent changed into a dream sheep
  8151 | D:9      | Noticed a six-headed hydra
  8163 | D:9      | Killed a six-headed hydra
  8164 | D:9      | Reached skill level 13 in Unarmed Combat
  8211 | D:9      | Noticed Grum
  8220 | D:9      | Killed Grum
  8484 | D:9      | Noticed a two-headed ogre
  8507 | D:9      | Killed a two-headed ogre
  8508 | D:9      | Reached skill level 14 in Unarmed Combat
  8543 | D:9      | Found a staircase to the Orcish Mines.
  8660 | D:9      | Reached ** piety under Ashenzari
  8866 | D:9      | Noticed a two-headed ogre
  8871 | D:9      | Killed a two-headed ogre
  8872 | D:9      | Reached skill level 15 in Unarmed Combat
  8872 | D:9      | Reached XP level 11. HP: 105/107 MP: 10/10
  9092 | D:10     | Entered Level 10 of the Dungeon
  9612 | D:10     | Found a radiant altar of Vehumet.
  9757 | D:11     | Noticed a five-headed hydra
  9776 | D:11     | Killed a five-headed hydra
  9777 | D:11     | Reached skill level 5 in Shields
  9982 | D:11     | Reached skill level 1 in Evocations
 10106 | D:11     | Noticed a two-headed ogre
 10111 | D:11     | Killed a two-headed ogre
 10233 | D:11     | Noticed a manticore
 10415 | D:11     | Killed a manticore
 10426 | D:11     | Noticed a two-headed ogre
 10480 | D:11     | Killed a two-headed ogre
 10481 | D:11     | Reached skill level 5 in Armour
 10530 | D:11     | Noticed a cyclops
 10591 | D:11     | Noticed a manticore
 10603 | D:11     | Killed a manticore
 10604 | D:11     | Reached XP level 12. HP: 78/116 MP: 11/11
 10697 | D:11     | Identified the +6 quarterstaff "Banaxkaf" {vorpal, *Rage
                  | rN++ Int+3}
 10761 | D:11     | Found a staircase to the Lair.
 11047 | D:11     | Found a runed translucent gate.
 11047 | D:11     | Found a runed translucent gate.
 11048 | D:11     | Noticed turdburglar's ghost (journeyman GnMo)
 11049 | D:11     | Found a runed translucent gate.
 11355 | D:11     | Reached *** piety under Ashenzari
 11359 | Lair:1   | Entered Level 1 of the Lair of Beasts
 11405 | Lair:1   | Found a frozen archway.
 11415 | IceCv    | Entered an ice cave
 11688 | IceCv    | Identified the Volume of Cold
 11885 | Lair:1   | Reached skill level 5 in Evocations
 12538 | Lair:1   | Noticed a seven-headed hydra
 12553 | Lair:1   | Killed a seven-headed hydra
 12586 | Lair:2   | Noticed a six-headed hydra
 12707 | Lair:2   | Found a staircase to the Snake Pit.
 12745 | Lair:2   | Killed a six-headed hydra
 12847 | Lair:2   | Identified the +8 rapier "Foeziw" {vorpal, rF+ Str+2
                  | Stlth+}
 13276 | Lair:3   | Found a gate leading to a gauntlet.
 13288 | Lair:3   | Noticed a four-headed hydra
 13296 | Lair:3   | Killed a four-headed hydra
 13298 | Gauntlet | Entered a Gauntlet
 13298 | Gauntlet | Found a transporter.
 13301 | Gauntlet | Found a transporter.
 13302 | Gauntlet | Noticed a quicksilver ooze
 13313 | Gauntlet | Identified the ring "Vuyskarya" {rElec Str+6 Slay+2}
 13317 | Gauntlet | Found a transporter.
 13317 | Gauntlet | Found a transporter.
 13321 | Gauntlet | Noticed a hell beast
 13327 | Gauntlet | Found a transporter.
 13345 | Gauntlet | Found a transporter.
 13347 | Gauntlet | Noticed a hell hog
 13352 | Gauntlet | Found a transporter.
 13356 | Gauntlet | Found a transporter.
 13356 | Gauntlet | Identified the ring "Zanoosm" {rC+ rN+}
 13358 | Gauntlet | Found a runed translucent door.
 13379 | Gauntlet | Identified the ring of Doubts {Fly Stlth+}
 13381 | Gauntlet | Noticed a death yak
 13382 | Gauntlet | Noticed a death yak
 13383 | Gauntlet | Found a transporter.
 13383 | Gauntlet | Noticed a death yak
 13387 | Gauntlet | Noticed a death yak
 13389 | Gauntlet | Noticed a death yak
 13401 | Gauntlet | Found a transporter.
 13405 | Gauntlet | Found a transporter.
 13405 | Gauntlet | Identified the ring of Nyiziofe {Str+6 Stlth+}
 13407 | Gauntlet | Noticed a death scarab
 13409 | Gauntlet | Noticed a death scarab
 13416 | Gauntlet | Found a transporter.
 13590 | Gauntlet | Killed a quicksilver ooze
 13620 | Gauntlet | Killed a hell beast
 13621 | Gauntlet | Reached XP level 13. HP: 105/119 MP: 12/12
 13641 | Gauntlet | Identified the +3 kite shield of the Centipede {rElec rN+
                  | Int+3 Dex+7}
 13641 | Gauntlet | Noticed a minotaur
 13656 | Gauntlet | Killed a minotaur
 13657 | Gauntlet | Identified the Almanac of Translocation and the Arsonist
 13657 | Gauntlet | Found the +3 robe of Clouds {*Thunder rCloud rElec}
 13780 | Lair:3   | Reached skill level 16 in Unarmed Combat
 14809 | Lair:3   | Reached skill level 17 in Unarmed Combat
 15556 | Lair:4   | Found a staircase to the Swamp.
 15678 | Lair:4   | Reached skill level 18 in Unarmed Combat
 16440 | Lair:5   | Found the +1 robe of Vines {NoPotionHeal Regen++++}
 16661 | Lair:5   | Reached XP level 14. HP: 114/129 MP: 13/13
 16693 | Lair:5   | Found a viscous altar of Jiyva.
 16693 | Lair:5   | Found a staircase to the Slime Pits.
 17220 | Lair:6   | Entered Level 6 of the Lair of Beasts
 17430 | Lair:6   | Reached skill level 1 in Dodging
 17553 | Lair:6   | Found a dark tunnel.
 17558 | Volcano  | Entered a volcano
 18206 | Volcano  | Reached skill level 5 in Dodging
 19191 | Lair:6   | Reached XP level 15. HP: 128/147 MP: 14/14
 19754 | D:11     | Killed turdburglar's ghost
 19816 | D:12     | Noticed Erolcha
 19817 | D:12     | Noticed Erolcha
 19817 | D:12     | Erolcha changed into Erolcha the basilisk
 19820 | D:12     | Killed Erolcha the basilisk
 19928 | D:12     | Found a broken altar of Ashenzari.
 20107 | D:12     | Reached skill level 15 in Fighting
 20239 | D:12     | Acquired 374 gold pieces
 20347 | D:12     | Noticed Snorg
 20357 | D:12     | Killed Snorg
 20730 | Orc:1    | Entered Level 1 of the Orcish Mines
 21026 | Orc:1    | Noticed Josephine
 21039 | Orc:1    | Killed Josephine
 21171 | Orc:1    | Found Ahopag's Overcharged Wands.
 21374 | Orc:2    | Entered Level 2 of the Orcish Mines
 21521 | Orc:2    | Noticed Sonja
 21529 | Orc:2    | Killed Sonja
 21584 | Orc:2    | Paralysed by an ogre mage for 4 turns
 21828 | Orc:1    | Found Xagratse's Antique Weapon Shop.
 22096 | Orc:2    | Found Ikhyom's Weapon Emporium.
 22096 | Orc:2    | Found Pattilyor's Armour Shop.
 22196 | Orc:2    | Found Qiut's Assorted Antiques.
 22196 | Orc:2    | Found Lacva's General Store.
 22207 | Orc:2    | Bought a lumpy sapphire amulet for 135 gold pieces
 22328 | Orc:2    | Found a staircase to the Elven Halls.
 22480 | Orc:2    | Reached **** piety under Ashenzari
 22842 | D:13     | Found Ymmiut's Distillery.
 22959 | D:13     | Found Juropip's Assorted Antiques.
 22964 | D:13     | Bought a fizzy grey potion for 17 gold pieces
 22969 | D:13     | Found Tuij's Armour Shoppe.
 23359 | D:13     | Found a runed translucent gate.
 23360 | D:13     | Found a runed translucent gate.
 23361 | D:13     | Found a runed translucent gate.
 23361 | D:13     | Noticed Fasaid's ghost (journeyman GnWr)
 23375 | D:13     | Killed Fasaid's ghost
 23442 | D:14     | Noticed Nessos
 23442 | D:14     | Found a gate to the Vaults.
 23531 | D:13     | Reached XP level 16. HP: 104/165 MP: 15/15
 24030 | D:13     | Bought a potion of curing for 48 gold pieces
 24030 | D:13     | Bought a potion of might for 64 gold pieces
 24030 | D:13     | Bought a potion of attraction for 48 gold pieces
 24070 | D:14     | Killed Nessos
 24431 | D:14     | Reached skill level 10 in Shields
 24755 | D:15     | Entered Level 15 of the Dungeon
 25190 | D:15     | Found a staircase to the Depths.
 25264 | D:15     | Found Kit Biryib's Magic Scroll Shop.
 25274 | D:15     | Bought a scroll of acquirement for 624 gold pieces
 25274 | D:15     | Bought a scroll of fog for 24 gold pieces
 25274 | D:15     | Bought a scroll of teleportation for 36 gold pieces
 25287 | D:15     | Acquired 930 gold pieces
 25378 | D:15     | Found Ejuhuku's Antique Armour Boutique.
 25480 | D:15     | Found Zutt's Assorted Antiques.
 25589 | D:15     | Found Soufyef's Book Boutique.
 25598 | D:15     | Bought a manual of Unarmed Combat for 1440 gold pieces
 25690 | D:13     | Bought the +7 plate armour "Nualeyl" {rPois Int+4} for 1086
                  | gold pieces
 25714 | D:13     | Bought a +0 pair of gloves of infusion for 161 gold pieces
 25971 | Swamp:1  | Entered Level 1 of the Swamp
 25981 | Swamp:1  | Reached skill level 19 in Unarmed Combat
 26073 | Swamp:1  | Reached skill level 20 in Unarmed Combat
 26294 | Swamp:1  | Noticed Frances
 26304 | Swamp:1  | Killed Frances
 26689 | Swamp:2  | Reached skill level 21 in Unarmed Combat
 27171 | Swamp:2  | Reached ***** piety under Ashenzari
 27302 | Swamp:3  | Reached skill level 22 in Unarmed Combat
 27363 | Swamp:3  | Noticed a fenstrider witch
 27369 | Swamp:3  | Killed a fenstrider witch
 27370 | Swamp:3  | Reached XP level 17. HP: 169/176 MP: 14/17
 27619 | Swamp:3  | Noticed Louise
 27666 | Swamp:3  | Reached skill level 23 in Unarmed Combat
 27668 | Swamp:3  | Killed Louise
 28171 | Swamp:4  | Entered Level 4 of the Swamp
 28526 | Swamp:4  | Reached skill level 24 in Unarmed Combat
 29250 | Swamp:4  | Got a decaying rune of Zot
 29409 | Snake:1  | Entered Level 1 of the Snake Pit
 30574 | Snake:1  | Reached skill level 25 in Unarmed Combat
 31034 | Snake:2  | Reached XP level 18. HP: 180/180 MP: 12/17
 31242 | Snake:2  | Identified the +1 war axe of Exquisite Death {distort,
                  | rCorr Int+2 Stlth+}
 31429 | Snake:2  | Identified the +9 scythe of Broken Luck {drain, rCorr Str+4
                  | Dex-2}
 32187 | Snake:3  | Reached skill level 10 in Armour
 33216 | Snake:3  | Found Kotullea's Weapon Emporium.
 33744 | Snake:4  | Entered Level 4 of the Snake Pit
 34046 | Snake:4  | Acquired 824 gold pieces
 34165 | Snake:4  | Noticed Mara
 34263 | Snake:4  | Killed Mara
 35185 | Snake:4  | Reached XP level 19. HP: 187/187 MP: 11/18
 36164 | Snake:4  | Reached skill level 10 in Dodging
 36396 | Snake:4  | Got a serpentine rune of Zot
 36779 | Vaults:1 | Entered Level 1 of the Vaults
 37080 | Vaults:1 | Identified the +7 battleaxe "Fuemosem" {antimagic, Int+4}
 37233 | Vaults:1 | Noticed Aizul
 37258 | D:14     | Killed Aizul
 37314 | Vaults:1 | Paralysed by a great orb of eyes for 3 turns
 37320 | Vaults:1 | Noticed Saint Roka
 38262 | Vaults:1 | Killed Saint Roka
 39056 | Vaults:1 | Reached XP level 20. HP: 195/195 MP: 6/19
 40317 | Vaults:2 | Found Pygras's Magic Scroll Emporium.
 40381 | Vaults:2 | Identified the ring "Gyforuti" {Fire rPois SInv}
 42039 | Vaults:2 | Identified the +3 shortbow of Irrepressible Laughter
                  | {freeze, rCorr SInv}
 42500 | Vaults:2 | Found a staircase to the Crypt.
 42776 | Vaults:2 | Reached XP level 21. HP: 214/214 MP: 16/20
 42837 | Vaults:2 | Noticed Asterion
 42849 | Vaults:2 | Killed Asterion
 42916 | Vaults:2 | Identified the -1 buckler "Furu" {Harm Str+4}
 44337 | Vaults:3 | Found Ceateg's Magic Scroll Shop.
 44344 | Vaults:3 | Bought a scroll of enchant armour for 90 gold pieces
 44344 | Vaults:3 | Bought a scroll of enchant armour for 90 gold pieces
 44482 | Vaults:1 | Acquired 1047 gold pieces
 45642 | Vaults:4 | Found Bannoshisa's Antique Armour Emporium.
 45724 | Vaults:4 | Found a crumbling gateway.
 45761 | Desolati | Entered the Desolation of Salt
 46163 | Desolati | Identified the +2 crystal plate armour "Udefehil" {Str+3
                  | Dex+2}
 46381 | Desolati | Identified the ring "Tymm" {rF+ rN+ Int+6 Slay-4}
 46389 | Desolati | Identified the ring "Raihim" {rElec rPois Str+2 Int-2
                  | Dex+2}
 46394 | Desolati | Identified the Disquisition on the Destructive Escort
 46512 | Desolati | Identified the Collected Works on Burning Translocation
 46545 | Desolati | Reached skill level 1 in Throwing
 46545 | Desolati | Reached XP level 22. HP: 161/233 MP: 0/21
 46675 | Desolati | Identified the +7 great sword "Osompiu" {freeze, rF- Int+8}
 46677 | Desolati | Identified the +4 flail of True Grit {protect, Dex+4}
 47357 | Vaults:4 | Reached skill level 5 in Throwing
 47587 | Vaults:4 | Identified the +6 hunting sling of Defiance {vorpal, Will+
                  | Int+3}
 49079 | Depths:1 | Entered Level 1 of the Depths
 49401 | D:15     | Reached skill level 10 in Throwing
 49482 | Depths:1 | Found Bozim's Jewellery Emporium.
 49908 | Depths:1 | Identified the Volume of Mutagenic Toxins
 49925 | Depths:1 | Paralysed by a great orb of eyes for 4 turns
 50229 | Depths:1 | Found a one-way gateway to a ziggurat.
 50258 | Depths:1 | Found a sacrificial altar of Ru.
 50343 | Depths:1 | Found a gateway to Hell.
 50644 | Depths:1 | Reached XP level 23. HP: 240/240 MP: 20/22
 50792 | Depths:2 | Found a one-way gate to the infinite horrors of the Abyss.
 51085 | Depths:2 | Found an ancient bone altar of Kikubaaqudgha.
 51350 | Depths:2 | Found a one-way gate leading to the halls of Pandemonium.
 51451 | Depths:2 | Paralysed by a floating eye for 4 turns
 51659 | Depths:2 | Noticed a golden dragon
 51667 | Depths:2 | Killed a golden dragon
 52531 | Depths:3 | Cast into level 2 of the Abyss (a wizard)
 52551 | Depths:3 | Escaped the Abyss
 53572 | Depths:3 | Noticed a caustic shrike
 53600 | Depths:3 | Noticed a juggernaut
 53629 | Depths:3 | Killed a juggernaut
 53794 | Depths:3 | Reached XP level 24. HP: 249/249 MP: 13/23
 54095 | Depths:3 | Found the +9 scales of the Dragon King {rPois rF+ rC+
                  | Will+}
 54100 | Depths:3 | Noticed a caustic shrike
 54394 | Depths:3 | Killed a caustic shrike
 54726 | Depths:3 | Killed a caustic shrike
 54799 | Depths:4 | Entered Level 4 of the Depths
 55399 | Depths:4 | Found a gate to the Realm of Zot.
 55415 | Depths:4 | Reached skill level 15 in Dodging
 55604 | Depths:4 | Noticed a caustic shrike
 55604 | Depths:4 | Noticed a caustic shrike
 55604 | Depths:4 | Noticed a caustic shrike
 56612 | Vaults:5 | Entered Level 5 of the Vaults
 56716 | Vaults:5 | Reached skill level 10 in Evocations
 56725 | Vaults:5 | Reached XP level 25. HP: 257/257 MP: 0/22
 56735 | Vaults:5 | Paralysed by a floating eye for 2 turns
 57198 | Vaults:5 | Identified the +7 fustibalus of Severance {flame, rF+ rN+
                  | rCorr}
 57307 | Vaults:5 | Noticed Jory
 57318 | Vaults:5 | Killed Jory
 57525 | Vaults:5 | Identified the +2 scale mail of Untold Secrets {Harm rC-
                  | rCorr Dex+2}
 57573 | Vaults:5 | Identified the Volume of Ignition
 57602 | Vaults:5 | Got a silver rune of Zot
 57710 | Vaults:5 | Identified the +7 chain mail of Mumblety Peg {Harm Str+5
                  | Dex-2}
 58389 | Zot:1    | Entered Level 1 of the Realm of Zot
 58642 | Vaults:3 | Bought a scroll of magic mapping for 42 gold pieces
 58988 | Zot:1    | HP: 11/257 [constriction (8)]
 58990 | Zot:1    | HP: 2/257 [yellow draconian annihilator/glob of acid (8)]
 58990 | Zot:1    | Mangled by a shadow dragon

Illustrated notes

Levels and vault maps discovered:
D:1:      shiori_arrival_whats_in_store_for_you, layout_rooms,
          dreamdust_ecumenical_altar_statues, hangedman_feature_mirror
D:2:      layout_basic, serial_undead, serial_undead_a, serial_undead_c,
          serial_undead_c, serial_undead_d
D:3:      layout_rooms, nicolae_dithmenos_shadow_blocks, uniq_grinder
D:4:      layout_rooms, small_statue_alley_b, minivault_27,
          hangedman_decor_clover_reticule
D:5:      layout_cave_pools, chequers_temple_overflow_statue_of_worship,
          lemuel_round_altar, uniq_ijyb
D:6:      layout_rooms, minmay_temple_entry_stoned_glass,
          amcnicky_mini_pool_small
D:7:      layout_basic, kennysheep_mini_moat
D:8:      layout_gridville
D:9:      kennysheep_six_static_rooms, layout_loops_corners, orc_0_dummy,
          nicolae_concentric_dashed_squares_mild, uniq_grum
D:10:     layout_basic, amcnicky_altar_gilded, item_on_display_b
D:11:     layout_basic, dpeg_oklobed_lair, ebering_ghost_rock_garden,
          minmay_puff
D:12:     layout_roguey, ashenzari_conservatory_becter, uniq_erolcha, uniq_snorg
D:13:     layout_loops_ring, serial_shops, nicolae_shop_stone, shop,
          nicolae_shop_stone, ebering_ghost_rock_garden, chequers_mini_garden
D:14:     layout_basic, david_vaults_3
D:15:     gammafunk_depths_entry_grave, layout_irregular_city,
          hangedman_abyss_or_decor_stabs, serial_shops, nicolae_shop_waterfront,
          nicolae_shop_advertising_works [nicolae_subvault_shop_adworks], shop,
          shop, hive_lemuel
Lair:1:   layout_long_grid, portal_ice_cave_entry_ice_simulacra,
          serial_bayou_crossing
Lair:2:   layout_roguey, dummy_snake_entry
Lair:3:   cheibrodos_lair_overgrown_chateau, layout_cave_pods,
          gauntlet_entry_generic, st_stairs_3
Lair:4:   layout_regular_city, minmay_swamp_entry_worms
Lair:5:   layout_regular_city, slime_altar_1, hellmonk_guarded_unrand_vines,
          grunt_megastairs_2
Lair:6:   minmay_lair_end_frog_pond, layout_regular_city,
          nicolae_volcano_entry_s_turn, chequers_serial_rivers_micro_c,
          nicolae_lair_lil_pond
Swamp:1:  layout_basic_swamp, evilmike_swamp_ruin_house_1, uniq_frances
Swamp:2:  layout_basic_swamp, evilmike_swamp_ruin_house_3
Swamp:3:  layout_falls_marsh, evilmike_swamp_ruin_house_6, swamp_pool3,
          uniq_louise
Swamp:4:  swamp, layout_basic_swamp, swamp_pool4, grunt_hermit_hut
Snake:1:  layout_gridlike, grunt_megastairs_4, serial_bayou_shore_a
Snake:2:  layout_layer_cave, guppyfry_library_mini
Snake:3:  layout_concentric_octagons, serial_shops,
          nicolae_shop_bloodbath_and_beyond
Snake:4:  snake_pit_salamanders_mu, layout_cave_town, drop_trap, uniq_mara
Orc:1:    layout_diamond_mine, serial_shops, shop, basic_altar,
          nicolae_orc_lava_tube, nicolae_orc_sculptors_studio,
          nicolae_shop_overcharged_wands, uniq_josephine
Orc:2:    st_orc_ogre_mass, layout_caves, uniq_sonja
Vaults:1: vaults_room_grunt_arrival_ludios, vaults_room_large_hall,
          nicolae_vaults_border_crossing, vaults_mumra_hexcomb,
          nicolae_vaults_shelves_hall, st_lines, vaults_dpeg_ring,
          hangedman_vaults_stretched_pinwheel, vaults_room_door_hall,
          layout_vaults_omnigrid, uniq_saint_roka, uniq_aizul
Vaults:2: minmay_crypt_entry_simple_plaza, v_misc_4, v_misc_22,
          st_greater_box_3, ontoclasm_vaults_ring_large,
          hangedman_vaults_stream, nicolae_vaults_little_squares_1,
          nicolae_vaults_little_squares_6, hangedman_vaults_cutoff,
          hangedman_vaults_trim, hangedman_vaults_trim, v_misc_12,
          layout_vaults_maze_bifur, serial_shops, shop, uniq_asterion
Vaults:3: hangedman_vaults_maws, v_misc_4, v_pattern_5, st_more_cells,
          nicolae_vaults_yaktaur_gun_rack, hangedman_vaults_nails,
          v_alt_pattern_5, nicolae_vaults_diagonal_hallway_8,
          nicolae_vaults_ring_of_whatevers, vaults_dpeg_diagonal,
          vaults_room_fancy_cross, vaults_dpeg_hooks, layout_vaults_big_room,
          serial_shops, nicolae_shop_hallway_plus
Vaults:4: portal_desolation_entry_twin_temple, ontoclasm_vaults_tryst,
          grunt_vaults_funnel, nicolae_vaults_rhombus_7,
          nicolae_vaults_network_square, dpeg_vaults_pockets_of_resistance,
          hangedman_vaults_capsules, v_alt_pattern_6, grunt_vaults_trifunnel,
          v_misc_8, nicolae_vaults_windows_and_doors_thing,
          ontoclasm_vaults_twist, layout_vaults_big_cross, serial_shops,
          nicolae_diamond_shop
Vaults:5: serial_shops, uniq_jory
Depths:1: layout_cave_shapes, enter_ziggurat_f, pf_hell_entry_tar_river,
          serial_shops, shop, nicolae_ru_sacrificial_ziggurat,
          serial_bayou_ford_a, minmay_mirror_moons_of_madness
Depths:2: hangedman_stitches_corridor, layout_basic, pan_entry,
          hangedman_abyss_entry_splay, grunt_hell_entry_dis_old,
          kennysheep_vampire_church
Depths:3: lemuel_castle_with_subvaults [lemuel_castle_interior_original],
          layout_gridlike, hangedman_coc_ice_floe, abyss_entry_crystal,
          grunt_tough_drop
Depths:4: grunt_zot_entry_tricorne, layout_honeycomb, minmay_misc_feat_encased,
          hell_entry
Zot:1:    layout_misc_corridors

Skill      XL: |  1  2  3  4  5  6  7  8  9 10 11 12 13 14 15 16 17 18 19 20 21 22 23 24 25 |
---------------+----------------------------------------------------------------------------+-----
Unarmed Combat | 3 4 5 7 8 10 12 15 18 22 25 | 25.4
Fighting       | 8 10 14 16 17 21 24 | 24.5
Shields        | 6 8 11 12 13 | 13.6
Armour         | 5 8 12 13 | 13.6
Evocations     | 4 8 10 12 | 12.1
Dodging        | 6 8 13 14 16 17 | 17.2
Throwing       | 1 11 13 | 13.7

Action                   |  1- 3 |  4- 6 |  7- 9 | 10-12 | 13-15 | 16-18 | 19-21 | 22-24 | 25-27 || total
-------------------------+-------+-------+-------+-------+-------+-------+-------+-------+-------++-------
Melee: Unarmed           |   110 |   138 |   340 |   398 |   950 |  1000 |  1219 |  1219 |   251 ||  5625
Throw: Dart              |       |     2 |     8 |     8 |    43 |    27 |    21 |    11 |       ||   120
       Throwing net      |       |     1 |       |       |       |       |       |       |       ||     1
Invok: Curse Item        |       |       |     3 |     3 |     4 |     3 |     2 |     3 |       ||    18
       Shatter the Chain |       |       |     1 |     2 |     1 |     2 |     2 |     1 |       ||     9
Evoke: Wand              |       |       |     2 |     9 |     8 |     3 |       |     8 |       ||    30
       Box of beasts     |       |       |       |       |       |     2 |       |       |       ||     2
  Use: Scroll            |       |     2 |     4 |     2 |     2 |    10 |     6 |     6 |     5 ||    37
       Potion            |       |       |     2 |     1 |     3 |     2 |     5 |    10 |     1 ||    24
 Stab: Sleeping          |       |       |       |       |       |     1 |       |       |       ||     1
Armor: Scale mail        |    28 |       |       |       |       |       |       |       |       ||    28
       Chain mail        |    21 |    64 |   176 |   255 |    63 |       |       |       |       ||   579
       Shadow dragon sca |       |       |       |       |   461 |    76 |       |       |       ||   537
       Plate armour      |       |       |       |       |       |   513 |   412 |   333 |       ||  1258
       Gold dragon scale |       |       |       |       |       |       |       |   143 |   143 ||   286
Dodge: Dodged            |    45 |    45 |   102 |   133 |   332 |   350 |   330 |   322 |    68 ||  1727
Block: Buckler           |    13 |    16 |    53 |    85 |     5 |       |       |       |       ||   172
       Kite shield       |       |       |       |       |   646 |   798 |   689 |   785 |   153 ||  3071
